 Dungeon Crawl Stone Soup version 0.28.0-53-g5a82cb258f (webtiles) character file.

Game seed: 2016264681983739809

42 DocClef the Skirmisher (level 3, 0/33 HPs)
             Began as a Draconian Fighter on June 15, 2022.
             Slain by a phantom (1 damage)
             ... on level 3 of the Dungeon.
             The game lasted 00:01:00 (1534 turns).

DocClef the Skirmisher (Draconian Fighter)          Turns: 1534, Time: 00:01:01

Health: 0/33       AC:  5    Str: 20    XL:     3   Next: 33%
Magic:  3/3        EV: 12    Int:  8    God:
Gold:   110        SH:  4    Dex: 10    Spells: 2/2 levels left

rFire   . . .      SeeInvis .   a - +0 rapier
rCold   . . .      Faith    .   b - +0 buckler
rNeg    . . .      Spirit   .   (armour unavailable)
rPois   .          Reflect  .   (helmet restricted)
rElec   .          Harm     .   (no cloak)
rCorr   .          Rampage  .   (no gloves)
Will    .....                   (no boots)
Stlth   +.........              (no amulet)
HPRegen 0.11/turn               (no ring)
MPRegen 0.08/turn               (no ring)

@: no status effects
A: AC +5, unfitting armour, cold-blooded
a: no special abilities


You were on level 3 of the Dungeon.
You visited 1 branch of the dungeon, and saw 3 of its levels.

You collected 110 gold pieces.

Inventory:

Hand Weapons
 a - a +0 rapier (weapon)
Armour
 b - a +0 buckler (worn)
Scrolls
 d - a scroll of fear {unknown}
 f - 2 scrolls of identify {unknown}
 h - a scroll of enchant weapon {unknown}
 i - a scroll of silence {unknown}
Potions
 c - a potion of might
 e - a potion of curing {unknown}
 g - a potion of ambrosia {unknown}


   Skills:
 + Level 3.7 Fighting
 + Level 2.7 Short Blades
 + Level 3.0 Dodging
 + Level 0.1 Stealth
 - Level 3.2 Shields


You had 2 spell levels left.
You didn't know any spells.
Your spell library contained the following spells:

 Spells                   Type           Power      Damage    Failure   Level
 Static Discharge         Conj/Air       0%         N/A       65%         2
 Dispel Undead            Necr           0%         3d6       99%         4
 Sticky Flame             Conj/Fire      0%         2d3       99%         4


Dungeon Overview and Level Annotations

Branches:
Dungeon (3/15)

Altars:


Innate Abilities, Weirdness & Mutations

Your plain brown scales are hard. (AC +5)
You cannot fit into any form of body armour.
You are cold-blooded and may be slowed by cold attacks.


Message History

You hit the phantom but do no damage.
You tail-slap the phantom, but do no damage.
The phantom is heavily damaged.
The phantom closely misses you.
You hit the phantom but do no damage.
The phantom is heavily damaged.
You block the phantom's attack.
You closely miss the phantom.
The phantom is heavily damaged.
You block the phantom's attack.
You hit the phantom. You tail-slap the phantom.
The phantom is almost destroyed.
The phantom hits you.
You hit the phantom but do no damage.
The phantom is almost destroyed.
The phantom hits you but does no damage.
You closely miss the phantom.
The phantom is almost destroyed.
The phantom hits you. x2
You are too injured to fight recklessly!
You are too injured to fight recklessly!
You are too injured to fight recklessly!
You are too injured to fight recklessly!
You are too injured to fight recklessly!
You closely miss the phantom.
The phantom is almost destroyed.
The phantom hits you.
* * * LOW HITPOINT WARNING * * *
The phantom blinks!
You blink.
You closely miss the phantom.
The phantom is almost destroyed.
The phantom hits you but does no damage.
You barely miss the phantom.
The phantom is almost destroyed.
The phantom hits you!
* * * LOW HITPOINT WARNING * * *
You barely miss the phantom.
The phantom is almost destroyed.
The phantom hits you.
You die...

####### #.#
......# #.#
#####.# #.# #.#
#.# #.####### #.#
#.......# #.#
#.......# #.#
#.......# #.#
#[......# #@#
#.......# #W#
#.......# #.#
#####.......# #.#
..<.#.......####.#
............+....#
####........# #.#
#.##.##...# #.#
..#.#.#....####


You could see a phantom.

Vanquished Creatures
  An adder (D:2)
  2 ball pythons (D:2)
  6 endoplasms
  2 giant cockroaches
  2 goblins (D:1)
  2 hobgoblins (D:2)
  4 kobolds (D:1)
  2 quokkas (D:1)
  3 bats
  A frilled lizard (D:2)
  4 rats
29 creatures vanquished.

Vanquished Creatures (others)
  11 plants (D:2)
11 creatures vanquished.

Grand Total: 40 creatures vanquished

Notes
Turn   | Place    | Note
-------+----------+-------------------------------------------
     0 | D:1      | DocClef the Draconian Fighter began the quest for the Orb.
     0 | D:1      | Reached XP level 1. HP: 19/19 MP: 1/1
   143 | D:1      | Reached XP level 2. HP: 20/26 MP: 2/2
   749 | D:2      | Reached XP level 3. HP: 30/33 MP: 3/3
   880 | D:2      | Found a faded altar of an unknown god.
  1503 | D:3      | Noticed a phantom
  1533 | D:3      | HP: 1/33 [phantom (8)]
  1534 | D:3      | Slain by a phantom

Illustrated notes

Levels and vault maps discovered:
D:1:      dpeg_arrival_simpleton_b, layout_loops_ring
D:2:      layout_loops_cross, hellmonk_ecumenical_altar_heavens_door,
          serial_bayou_ford_a
D:3:      layout_basic, serial_shops, shop, minmay_misc_feat_room,
          hangedman_decor_slide_cut, minmay_misc_feat_diagonals,
          minmay_distorted

Skill      XL: |  1  2 |
---------------+-------+-----
Dodging        | 3 |  3.0
Fighting       | |  3.7
Short Blades   | |  2.7
Stealth        | |  0.1
Shields        | |  3.2

Action                   || total
-------------------------++-------
Melee: Rapier            ||   102
       Tailslap          ||    10
 Stab: Sleeping          ||     2
Armor: Skin              ||    24
Dodge: Dodged            ||    55
Block: Buckler           ||    20
